 Dungeon Crawl Stone Soup version 0.20.1-1-g8b1a95d (webtiles) character file.

28 pstr the Conjurer (level 3, -2/19 HPs)
             Began as a Kobold Conjurer on Nov 12, 2017.
             Slain by a goblin
             ... wielding a +0 club
              (8 damage)
             ... on level 2 of the Dungeon.
             The game lasted 00:04:08 (1203 turns).

pstr the Conjurer (Kobold Conjurer)                 Turns: 1203, Time: 00:04:08

Health: -2/19      AC:  4    Str:  5    XL:     3   Next: 30%
Magic:  0/6        EV: 15    Int: 17    God:
Gold:   38         SH:  0    Dex: 15    Spells: 4/7 levels left

rFire    . . .     SeeInvis .   g - +0 short sword
rCold    . . .     Gourm    .   (shield restricted)
rNeg     . . .     Faith    .   a - +0 robe
rPois    .         Spirit   .   d - +0 helmet (curse)
rElec    .         Reflect  .   (no cloak)
rCorr    .         Harm     .   j - +0 pair of gloves
MR       .....                  (no boots)
Stlth    ++........             (no amulet)
Regen    0.1/turn               (no ring)
MPRegen  0.1/turn               (no ring)

@: no status effects
A: carnivore 3
a: no special abilities


You were on level 2 of the Dungeon.
You were completely stuffed.

You visited 1 branch of the dungeon, and saw 2 of its levels.

You collected 38 gold pieces.

Inventory:

Hand Weapons
 g - a +0 short sword (weapon)
 k - a +0 club
 m - a +0 dagger
Missiles
 e - 91 stones (quivered)
Armour
 a - a +0 robe (worn)
 d - a cursed +0 helmet (worn)
 j - a +0 pair of gloves (worn)
Scrolls
 h - a scroll of identify {unknown}
 i - a scroll of random uselessness {unknown}
 l - a scroll of magic mapping {unknown}
Books
 b - a book of Conjurations

   Spells                             Type                      Level
   a - Magic Dart                     Conjuration                  1
   b - Searing Ray                    Conjuration                  2
   c - Dazzling Spray                 Conjuration/Hexes            3
   d - Fulminant Prism                Conjuration/Hexes            4
   e - Force Lance                    Conjuration/Translocation    4
   f - Iskenderun's Mystic Blast      Conjuration                  4
Comestibles
 c - a meat ration
 f - 8 chunks of flesh


   Skills:
 + Level 0.3 Short Blades
 + Level 2.5 Dodging
 + Level 2.8 Stealth
 + Level 2.5 Spellcasting
 + Level 4.6 Conjurations


You had 4 spell levels left.
You knew the following spells:

 Your Spells              Type           Power        Failure   Level  Hunger
a - Magic Dart            Conj           ###.         2%          1    #......
b - Searing Ray           Conj           ###...       4%          2    ##.....


Dungeon Overview and Level Annotations

Branches:
Dungeon (2/15)

Altars:

Annotations:
D:2 Robin


Innate Abilities, Weirdness & Mutations

You are small and have problems with some larger weapons.
You are carnivorous and can eat meat at any time.


Message History

A goblin comes into view. It is wielding a club.
The searing ray hits Robin.
Robin is moderately wounded.
Robin hits you but does no damage.
Casting: Searing Ray
Confirm with . or Enter, or press ? or * to list all spells.
Aiming: Searing Ray
Press: ? - help, Shift-Dir - straight line, f/p - Robin
Aim: Robin, wielding a dagger, wearing an animal skin and wearing a runed helmet (moderately wounded)
The searing ray hits Robin.
Robin is moderately wounded. (Press . to maintain the ray.) Robin hits you but does no damage.
Robin throws the goblin at you!
You closely miss the goblin. The goblin barely misses you.
You hit the goblin but do no damage. The goblin hits you with a club!
Robin hits you with a dagger. The goblin misses you.
Robin hits you with a dagger. The goblin hits you with a club!
You die...

#.#.# #.#.# #.#.#
#.#.# g#.# #.#.#
#)#.# ##.#.# #.#.#
##....# #.#.#
##.<...###.#.#
#..>..@.##.#.#
#....g.).....#
#......g.).#.#####
##.........).)...#
##...#†####.###.#
#####.# #.# #.#
#.# #.# #.# #.#
#.# #)# ###.# #.#
#.#


You could see Robin and a goblin.

Vanquished Creatures
  2 leopard geckos (D:1)
  10 goblins
  4 hobgoblins
  3 bats (D:1)
  3 frilled lizards (D:1)
  A kobold (D:1)
  2 rats
25 creatures vanquished.

Notes
Turn   | Place    | Note
-------+----------+-------------------------------------------
     0 | D:1      | pstr the Kobold Conjurer began the quest for the Orb.
     0 | D:1      | Reached XP level 1. HP: 10/10 MP: 3/3
   265 | D:1      | Reached XP level 2. HP: 15/15 MP: 3/5
   272 | D:1      | Learned a level 2 spell: Searing Ray
  1014 | D:2      | Reached XP level 3. HP: 18/19 MP: 0/6
  1172 | D:2      | Noticed Robin
  1203 | D:2      | Slain by a goblin

Action                   || total
-------------------------++-------
Melee: Short sword       ||    10
 Cast: Magic Dart        ||    34
       Searing Ray       ||     4
  Eat: Chunk             ||    10
Armor: Robe              ||     4
Dodge: Dodged            ||    19
